 Dungeon Crawl Stone Soup version 0.31-a0-1008-g5b978dac0e (webtiles) character file.

Game seed: 2632391060940215056

142 MacCMillion the Shield-Bearer (level 5, 45/45 HPs)
             Began as a Ghoul Fighter on Nov 10, 2023.
             Quit the game on level 3 of the Dungeon on Nov 13, 2023.
             The game lasted 00:03:28 (2898 turns).

MacCMillion the Shield-Bearer (Ghoul Fighter)       Turns: 2898, Time: 00:03:29

Health: 45/45      AC:  6    Str: 22    XL:     5   Next: 25%
Magic:  4/4        EV:  9    Int:  3    God:
Gold:   111        SH:  4    Dex:  8    Spells: 4/4 levels left

rFire   . . .        a - +0 war axe
rCold   + . .        c - +0 buckler
rNeg    + + +        b - +0 scale mail
rPois   ∞            (no helmet)
rElec   .            (no cloak)
rCorr   .            (no gloves)
SInv    .            (no boots)
Will    .....        (no amulet) Stlth
                     (no ring)
HPRegen 0.00/turn    (no ring)
MPRegen 0.09/turn

%: no passive effects
@: inhibited regen
A: claws 1, cold resistance 1, negative energy resistance 3, inhibited
regeneration, torment resistance 2, devour on kill
a: no special abilities


You were on level 3 of the Dungeon.
You visited 1 branch of the dungeon, and saw 3 of its levels.

You collected 111 gold pieces.

Inventory:

Hand Weapons
 a - a +0 war axe (weapon)
Armour
 b - a +0 scale mail (worn)
 c - a +0 buckler (worn)
Scrolls
 e - a scroll of blinking {unknown}
 f - 2 scrolls of revelation {unknown}
 g - 2 scrolls of teleportation {unknown}
 h - 2 scrolls of silence {unknown}
 k - a scroll of amnesia {unknown}
 l - 4 scrolls of identify {unknown}
 m - a scroll of acquirement {unknown}
 n - a scroll of enchant armour {unknown}
 o - a scroll of poison {unknown}
 p - a scroll of enchant weapon {unknown}
Potions
 d - a potion of might
 i - 3 potions of mutation {unknown}
 j - a potion of curing {unknown}


   Skills:
 - Level 3.2 Fighting
 + Level 3.8 Axes
 - Level 2.6 Armour
 - Level 4.0 Shields


You had 4 spell levels left.
You didn't know any spells.
Your spell library was empty.

Dungeon Overview and Level Annotations

Branches:
Dungeon (3/15)

Altars:

Shops:
D:1 ::*


Innate Abilities, Weirdness & Mutations

You are immune to poison.
You have sharp fingernails.
Your flesh is cold resistant. (rC+)
You are immune to negative energy. (rN+++)
You do not regenerate when monsters are visible.
You are immune to unholy pain and torment.
You thrive by killing the living.


Message History

A hobgoblin comes into view.
The hobgoblin shouts!
The endoplasm freezes you.
You are frozen.
You resist.
A hobgoblin comes into view.
The hobgoblin shouts!
You hit the endoplasm.
The endoplasm is severely wounded.
The endoplasm barely misses you.
You slash the endoplasm!
You kill the endoplasm!
The hobgoblin hits you but does no damage.
You slash the hobgoblin!
You kill the hobgoblin!
You feel better.
The hobgoblin hits you but does no damage.
You hit the hobgoblin.
The hobgoblin is severely wounded.
The hobgoblin closely misses you.
You slash the hobgoblin!
You kill the hobgoblin!
No target in view!
No target in view!
No target in view!
No target in view!
Things that are here:
a hobgoblin corpse; a hobgoblin corpse You open the door.
A giant cockroach comes into view.
A giant cockroach is nearby!
A giant cockroach is nearby!
A giant cockroach is nearby!
Saving game... please wait.
Welcome back, MacCMillion the Ghoul Fighter.
Press ? for a list of commands and other information.
The giant cockroach waves its antennae.
Found a ring mail.
You closely miss the giant cockroach. You block the giant cockroach's attack.
A giant cockroach comes into view.
Are you sure you want to abandon this character and quit the game? (Confirm with "yes".)

............#
.######+######........#
......................#
......................##
......................#.
[.....................#.
..............#########.
B.............'.........
#.....B@......#########.
#######..###### #. #..#
#. #..## #. ....# #.
.....# ############.
#######. ..........##.
.............#.
.........#..#.


You could see 2 giant cockroaches.

Vanquished Creatures
  A hound (D:3)
  4 adders (D:2)
  A gnoll (D:1)
  3 worms
  4 bats
  3 endoplasms
  5 giant cockroaches
  6 goblins
  11 hobgoblins
  7 kobolds
  2 quokkas
  3 ball pythons
  6 frilled lizards
  A rat (D:2)
57 creatures vanquished.

Notes
Turn   | Place    | Note
-------+----------+-------------------------------------------
     0 | D:1      | MacCMillion the Ghoul Fighter began the quest for the Orb.
     0 | D:1      | Reached XP level 1. HP: 19/19 MP: 0/0
   201 | D:1      | Reached skill level 3 in Shields
   201 | D:1      | Reached XP level 2. HP: 26/26 MP: 1/1
   391 | D:1      | Reached XP level 3. HP: 6/31 MP: 2/2
   629 | D:1      | Found Ygesoz's Assorted Antiques.
   889 | D:1      | Found Poarghef's Book Shoppe.
   939 | D:1      | Found Laidadoe's Book Emporium.
  1421 | D:2      | Reached XP level 4. HP: 37/38 MP: 3/3
  1843 | D:2      | Found a faded altar of an unknown god.
  2803 | D:3      | Reached skill level 4 in Shields
  2803 | D:3      | Reached XP level 5. HP: 33/45 MP: 4/4
  2895 | D:3      | Upgraded the game from 0.31-a0-1002-g8e65716e6e to
                  | 0.31-a0-1008-g5b978dac0e
  2898 | D:3      | Quit the game

Illustrated notes

Levels and vault maps discovered:
D:1:      dpeg_arrival_rooms_b, layout_basic, serial_shops,
          nicolae_shop_rolling_square, nicolae_book_shop_shelving, shop,
          hangedman_abyss_or_decor_stabs
D:2:      layout_basic, ebering_ecumenical_altar_mist, kennysheep_boxes
D:3:      layout_basic, grunt_temple_overflow_gold_and_silver,
          mainiacjoe_overflow_surrounded_room, kennysheep_generic_room_12

Skill      XL: |  1  2  3  4 |
---------------+-------------+-----
Axes           | 2 3 |  3.8
Shields        | 3 4 |  4.0
Fighting       | |  3.2
Armour         | |  2.6

Action                     |  1- 3 |  4- 6 || total
---------------------------+-------+-------++-------
  Melee: War axe           |    91 |    89 ||   180
 Armour: Scale mail        |    73 |    63 ||   136
  Dodge: Dodged            |    39 |    37 ||    76
  Block: Buckler           |    22 |    17 ||    39

Table legend: (Time is in decaauts)
 A = Elapsed time spent in this place.
 B = Non-inter-level travel time spent in this place.
 C = Inter-level travel time spent in this place.
 D = Time resting spent in this place.
 E = Time spent auto-exploring this place.
 F = Levels seen in this place.
 G = Mean time per level.
                   A        B        C        D        E       F      G
               +--------+--------+--------+--------+--------+-----+--------+
         Total |   2968 |   2849 |    119 |    336 |   2006 |   3 |  989.3 |
       Dungeon |   2968 |   2849 |    119 |    336 |   2006 |   3 |  989.3 |
               +--------+--------+--------+--------+--------+-----+--------+

Top non-repeatable levels by time:
     D:1: 1360 daAuts
     D:2: 1274 daAuts
     D:3: 332 daAuts
